 Dungeon Crawl Stone Soup version 0.22-a0-618-gd6a3efe (webtiles) character file.

10 Amnesiac the Magician (level 2, -2/19 HPs)
             Began as a Mummy Earth Elementalist on July 13, 2018.
             Slain by Terence
             ... wielding a +0 hand axe
              (9 damage)
             ... on level 2 of the Dungeon.
             The game lasted 00:00:59 (750 turns).

Amnesiac the Magician (Mummy Earth Elementalist)     Turns: 750, Time: 00:01:00

Health: -2/19      AC:  2    Str: 11    XL:     2   Next: 10%
Magic:  1/5        EV: 12    Int: 14    God:
Gold:   45         SH:  0    Dex: 12    Spells: 3/6 levels left

rFire    x . .     SeeInvis .   h - -2 mace (curse)
rCold    + . .     Gourm    .   (no shield)
rNeg     + + +     Faith    .   c - +0 robe
rPois    ∞         Spirit   .   (no helmet)
rElec    .         Reflect  .   (no cloak)
rCorr    .         Harm     .   (no gloves)
MR       .....                  (no boots)
Stlth    ++........             (no amulet)
HPRegen  0.06/turn              (no ring)
MPRegen  0.09/turn              (no ring)

@: no status effects
A: no food or potions, fire vulnerability, cold resistance 1, negative energy
resistance 3, torment resistance, unbreathing
a: no special abilities


You were on level 2 of the Dungeon.
You were not hungry.

You visited 1 branch of the dungeon, and saw 2 of its levels.

You collected 45 gold pieces.

Inventory:

Hand Weapons
 a - a +0 dagger
 h - a cursed -2 mace (weapon)
Missiles
 b - 70 stones (quivered)
Armour
 c - a +0 robe (worn)
Scrolls
 d - a scroll of identify {!r, unknown}
 e - 2 scrolls of remove curse {!r, unknown}
 f - a scroll of teleportation {!r, unknown}
 g - 2 scrolls of enchant weapon {!r, unknown}


   Skills:
 - Level 1.0 Short Blades
 - Level 1.5 Dodging
 + Level 1.6 Stealth
 - Level 2.6 Spellcasting
 - Level 0.7 Transmutations
 - Level 2.6 Earth Magic


You had 3 spell levels left.
You knew the following spells:

 Your Spells              Type           Power        Failure   Level  Hunger
a - Sandblast             Erth           #.....       8%          1    N/A
b - Passwall              Tmut/Erth      #.......     17%         2    N/A

Your spell library contained the following spells:

 Spells                   Type           Power        Failure   Level  Hunger
 Stone Arrow              Conj/Erth      #.....       36%         3    N/A
 Lee's Rapid Deconstruct  Erth           #.........   91%         5    N/A
 Petrify                  Tmut/Erth      #.......     73%         4    N/A

Dungeon Overview and Level Annotations

Branches:
Dungeon (2/15)

Altars:

Annotations:
D:2 Terence


Innate Abilities, Weirdness & Mutations

You do not eat or drink.
Your flesh is vulnerable to fire.
You are immune to poison.
Your flesh is cold resistant. (rC+)
You are immune to negative energy. (rN+++)
You are immune to unholy pain and torment.
You can survive without breathing.


Message History

The blast of sand hits Terence.
b - 73 stones Terence barely misses you.
Casting: Sandblast (safe; 8% risk of failure)
Confirm with . or Enter, or press ? or * to list all spells.
Aiming: Sandblast (safe; 8% risk of failure)
Press: ? - help, Shift-Dir - straight line, f/p - Terence
Aim: Terence, wielding a hand axe and wearing a ring mail The blast of sand hits Terence.
Terence is moderately wounded.
b - 72 stones Terence closely misses you.
Casting: Sandblast (safe; 8% risk of failure)
Confirm with . or Enter, or press ? or * to list all spells.
Aiming: Sandblast (safe; 8% risk of failure)
Press: ? - help, Shift-Dir - straight line, f/p - Terence
Aim: Terence, wielding a hand axe and wearing a ring mail (moderately wounded)
The blast of sand hits Terence.
Terence is heavily wounded.
b - 71 stones Terence closely misses you.
Casting: Sandblast (safe; 8% risk of failure)
Confirm with . or Enter, or press ? or * to list all spells.
Aiming: Sandblast (safe; 8% risk of failure)
Press: ? - help, Shift-Dir - straight line, f/p - Terence
Aim: Terence, wielding a hand axe and wearing a ring mail (heavily wounded)
The blast of sand hits Terence.
Terence is heavily wounded.
b - 70 stones Terence closely misses you.
Casting: Sandblast (safe; 8% risk of failure)
Confirm with . or Enter, or press ? or * to list all spells.
You don't have enough magic to cast that spell.
You barely miss Terence.
Terence is heavily wounded.
Terence hits you but does no damage.
You hit Terence but do no damage.
Terence is heavily wounded.
Terence closely misses you. Terence misses you.
You hit Terence.
Terence is heavily wounded.
Terence barely misses you.
You closely miss Terence.
Terence is heavily wounded.
Terence hits you with a hand axe.
You barely miss Terence.
Terence is heavily wounded.
Terence hits you with a hand axe.
* * * LOW HITPOINT WARNING * * *
You hit Terence but do no damage.
Terence is heavily wounded.
Terence hits you with a hand axe.
* * * LOW HITPOINT WARNING * * *
Terence misses you.
You completely miss Terence.
Terence is heavily wounded.
Terence hits you but does no damage.
You hit Terence.
Terence is severely wounded.
Terence barely misses you.
You hit Terence.
Terence is severely wounded.
Terence closely misses you. Terence hits you with a hand axe!
You die...

#.##########.#
#............#
##..###########
#...# #...#
#...# ##..#
#..# #.#@#
##@.# ##.# #.#
#.# #.# ..# #.#


You could see Terence.

Vanquished Creatures
  A leopard gecko (D:1)
  A hobgoblin (D:1)
  2 kobolds
  A bat (D:1)
  2 frilled lizards (D:1)
  3 rats
10 creatures vanquished.

Notes
Turn   | Place    | Note
-------+----------+-------------------------------------------
     0 | D:1      | Amnesiac the Mummy Earth Elementalist began the quest for the Orb.
     0 | D:1      | Reached XP level 1. HP: 13/13 MP: 4/4
   417 | D:1      | Reached XP level 2. HP: 12/19 MP: 0/5
   421 | D:1      | Learned a level 2 spell: Passwall
   565 | D:2      | Reached skill level 1 in Short Blades
   730 | D:2      | Noticed Terence
   750 | D:2      | Slain by Terence

Vault maps used:
D:1:      moated_graveyard_arrival
D:2:      uniq_robin, uniq_terence

Skill      XL: |  1  2 |
---------------+-------+-----
Short Blades   | 1 |  1.0
Dodging        | |  1.5
Stealth        | |  1.6
Spellcasting   | |  2.6
Transmutations | |  0.7
Earth Magic    | |  2.6

Action                   || total
-------------------------++-------
Melee: Dagger            ||    18
       Unarmed           ||     4
       Mace              ||    11
 Cast: Sandblast         ||    11
 Stab: Sleeping          ||     3
Armor: Robe              ||     7
Dodge: Dodged            ||    27

Table legend:
 A = Spawn XP
 B = Non-spawn XP
 C = Spawn XP percentage of total XP
 D = Spawn monster count
 E = Non-spawn monster count
 F = Spawn count percentage of total count
 G = Total turns spent on level
                    A         B        C        D         E        F      G
               +---------+---------+-------+---------+---------+-------+---------
         Total |       0 |      15 |   0.0 |       0 |      10 |   0.0 |   750
               +---------+---------+-------+---------+---------+-------+---------
           D:1 |       0 |      12 |   0.0 |       0 |       8 |   0.0 |   529
           D:2 |       0 |       3 |   0.0 |       0 |       2 |   0.0 |   221
               +---------+---------+-------+---------+---------+-------+---------
